WCHLSIM.com - West Coast Hockey League
html PUBLIC "-//W3C//DTD XHTML 1.0 Transitional//EN" "http://www.w3.org/TR/xhtml1/DTD/xhtml1-transitional.dtd"> WCHL - Game 754 - TEXAS TOROS vs SPOKANE KNIGHTS

TEXAS TOROS vs SPOKANE KNIGHTS

Created - 30 janvier 2020 at 21:05

Goals
1 2 3 T
TEXAS TOROS 1 0 0 1
SPOKANE KNIGHTS 3 0 1 4
Shots
1 2 3 T
TEXAS TOROS 11 3 4 18
SPOKANE KNIGHTS 10 11 15 36

1st period

1. SPOKANE KNIGHTS , Vincent Trocheck 10 (Phillip Danault 28) at 1:57 (SH)
2. SPOKANE KNIGHTS , Mikael Backlund 27 (Blake Wheeler 41, Cale Makar 1) at 8:49
3. SPOKANE KNIGHTS , Blake Wheeler 25 (Sebastian Aho 49, Victor Hedman 25) at 13:14 (PP)
4. TEXAS TOROS , Erik Johnson 5 (Tyson Barrie 27, Johan Larsson 9) at 14:38 (PP)

Penalties :
Sebastian Aho (SPO) for Roughing (Minor) at 0:02, Vincent Trocheck (SPO) for Tripping (Minor) at 9:58, Riley Nash (TEX) for Slashing (Minor) at 9:58, Erik Johnson (TEX) for Holding (Minor) at 12:52, Kristopher Letang (SPO) for Tripping (Minor) at 13:48, Sebastian Aho (SPO) for Slashing (Minor) at 18:19, Johan Larsson (TEX) for Holding (Minor) at 19:32

2nd period

No Goal

Penalties :
Brooks Orpik (SPO) for Hooking (Minor) at 7:00

3rd period

5. SPOKANE KNIGHTS , Phillip Danault 10 (Alex Tuch 27) at 19:48

Penalties :
Vincent Trocheck (SPO) for Slashing (Minor) at 9:56, Sven Baertschi (TEX) for Tripping (Minor) at 14:06, Taylor Raddysh (TEX) for Tripping (Minor) at 17:23

Goalie Stats

Cory Schneider (TEX), 32 saves from 36 shots - (0,889), L, 12-12-0, 60:00 minutes
Craig Anderson (SPO), 17 saves from 18 shots - (0,944), W, 6-0-1, 60:00 minutes

Players Stats for TEXAS TOROS

Player Name              G  A  P  +/- PIM S  H  SB GA TA FO     MP     PP MP  PK MP  
------------------------------------------------------------------------------------
Braydon Coburn           0  0  0   0  0   0  0  0  0  0  0/0     0:00   0:00   0:00 
Brock McGinn             0  0  0  -1  0   1  0  0  0  0  2/4    18:38   5:07   2:29 
David Savard             0  0  0   0  0   1  4  2  0  0  0/0    19:52   3:23   2:53 
Derek Stepan             0  0  0  -1  0   1  0  1  0  0  17/32  26:25   5:07   3:04 
Dmitry Kulikov           0  0  0  -1  0   0  0  2  0  0  0/0    15:08   0:00   0:00 
Erik Gustafsson          0  0  0   0  0   4  2  2  0  0  0/0    19:58   3:23   2:59 
Erik Johnson             1  0  1  -2  2   1  4  4  0  0  0/0    24:49   4:37   2:30 
Ethan Prow               0  0  0   0  0   0  0  0  0  0  0/0     0:00   0:00   0:00 
Jack Roslovic            0  0  0  -1  0   0  1  0  0  0  0/0    14:33   0:00   0:29 
Jake Virtanen            0  0  0  -1  0   3  2  0  0  0  0/0    15:58   2:53   0:00 
Johan Larsson            0  1  1  -1  2   2  0  1  0  0  7/15   18:33   2:52   2:00 
Madison Bowey            0  0  0  -1  0   0  2  1  0  0  0/0    15:12   0:00   0:04 
Nick Cousins             0  0  0  -1  0   0  1  0  0  0  2/2    15:58   2:53   0:00 
Nikolaj Ehlers           0  0  0  -1  0   3  0  1  0  0  0/3    25:27   5:07   3:04 
Riley Nash               0  0  0  -1  2   1  0  0  0  0  6/16   14:31   0:00   0:00 
Sven Baertschi           0  0  0  -1  2   1  0  0  0  0  0/0    15:29   0:00   0:00 
Taylor Raddysh           0  0  0   0  2   0  0  0  0  0  0/0     6:06   0:00   0:00 
Tyson Barrie             0  1  1  -2  0   0  1  2  0  0  0/0    25:00   4:37   2:40 

Players Stats for SPOKANE KNIGHTS

Player Name              G  A  P  +/- PIM S  H  SB GA TA FO     MP     PP MP  PK MP  
------------------------------------------------------------------------------------
Alex Tuch                0  1  1   1  0   3  1  0  0  0  1/1    16:34   0:00   2:40 
Anton Stralman           0  0  0   1  0   1  0  4  0  0  0/0    23:24   2:25   5:01 
Blake Wheeler            1  1  2   1  0   7  1  0  0  0  0/1    18:45   3:20   0:00 
Brooks Orpik             0  0  0   1  2   0  1  0  0  0  0/0    13:50   0:00   0:12 
Cale Makar               0  1  1   1  0   0  0  0  0  0  0/0    16:47   3:08   0:00 
Kristopher Letang        0  0  0   1  2   1  2  0  0  0  0/0    22:44   3:08   2:47 
Marcus Kruger            0  0  0   0  0   1  0  0  0  0  1/1     1:14   0:00   0:00 
Matthew Tkachuk          0  0  0   1  0   2  0  0  0  0  0/2    17:02   3:20   0:00 
Mikael Backlund          1  0  1   1  0   3  0  0  0  0  11/22  18:35   2:13   2:40 
Patrick Kane             0  0  0   0  0   2  1  0  0  0  0/3    18:19   2:13   0:00 
Phillip Danault          1  1  2   2  0   4  0  1  0  0  15/25  19:16   0:00   5:20 
Sebastian Aho            0  1  1   0  4   4  2  0  0  0  8/15   20:07   3:20   0:00 
Tomas Hertl              0  0  0   0  0   2  1  0  0  0  0/0    20:24   2:13   0:36 
Tyler Pitlick            0  0  0   0  0   0  0  0  0  0  0/0     0:46   0:00   0:46 
Valentin Zykov           0  0  0   0  0   0  0  0  0  0  0/0     1:14   0:00   0:00 
Victor Hedman            0  1  1   1  0   2  0  0  0  0  0/0    22:14   2:25   2:59 
Vincent Trocheck         1  0  1   2  4   3  1  0  0  0  2/2    16:55   0:00   3:58 
Zdeno Chara              0  0  0   1  0   1  0  1  0  0  0/0    20:59   0:00   5:01 

3 Stars

1 - Phillip Danault (SPO)
2 - Blake Wheeler (SPO)
3 - Mikael Backlund (SPO)

Power Play

TEXAS TOROS - 1 on 5 Attempt(s) - 20,00%
SPOKANE KNIGHTS - 1 on 4 Attempt(s) - 25,00%

Penalty Kill

TEXAS TOROS - 3 on 4 Attempt(s) - 75,00% - Score 0 goal in Penalty Kill
SPOKANE KNIGHTS - 4 on 5 Attempt(s) - 80,00% - Score 1 goal in Penalty Kill

Team Stat

TEXAS TOROS - Hits : 17 - Faceoff Wins : 34 - Blocked Shots : 16 - Penalty Minutes : 10
SPOKANE KNIGHTS - Hits : 10 - Faceoff Wins : 38 - Blocked Shots : 6 - Penalty Minutes : 12

Official

Referees : Jon Mclsaac and Jamie Koharski
Linesman : Ed Boyle and Joe Ross

Game Notes

No Game Note

Finance

Level 1 -- Attendance: 8230 (98,56%) -- Ticket Income 1 045 210 $
Level 2 -- Attendance: 5596 (91,74%) -- Ticket Income 481 256 $
Level 3 -- Attendance: 2320 (96,67%) -- Ticket Income 139 200 $
Level 4 -- Attendance: 6000 (100,00%) -- Ticket Income 234 000 $
Luxury Box -- Attendance: 1150 (100,00%) -- Ticket Income 293 250 $
Total Attendance: 23296 (97,07%)
Total Ticket Income: 2 192 916 $
Other Income: 657 875 $
Total Income: 2 850 791 $

TEXAS TOROS

5 vs 5 Forward 
   Center                   Left Wing                Right Wing               Time % Phy DF OF 
 1 Derek Stepan             Nikolaj Ehlers           Brock McGinn             36     1   2  2  
 2 Johan Larsson            Nick Cousins             Jake Virtanen            31     1   2  2  
 3 Riley Nash               Sven Baertschi           Jack Roslovic            23     1   2  2  
 4 Derek Stepan             Nikolaj Ehlers           Taylor Raddysh           10     1   2  2  

5 vs 5 Defense 
   Defense                  Defense                                           Time % Phy DF OF 
 1 Erik Johnson             Tyson Barrie                                      36     1   2  2  
 2 Erik Gustafsson          David Savard                                      31     1   2  2  
 3 Dmitry Kulikov           Madison Bowey                                     23     1   2  2  
 4 Erik Johnson             Tyson Barrie                                      10     1   2  2  

PowerPlay Forward 
   Center                   Left Wing                Right Wing               Time % Phy DF OF 
 1 Derek Stepan             Nikolaj Ehlers           Brock McGinn             55     1   2  2  
 2 Johan Larsson            Nick Cousins             Jake Virtanen            45     1   2  2  

PowerPlay Defense
   Defense                  Defense                                           Time % Phy DF OF 
 1 Erik Johnson             Tyson Barrie                                      55     1   2  2  
 2 Erik Gustafsson          David Savard                                      45     1   2  2  

Penalty Kill 4 Players Forward 
   Center                   Wing                     Time % Phy DF OF 
 1 Derek Stepan             Nikolaj Ehlers           55     1   2  2  
 2 Brock McGinn             Johan Larsson            45     1   2  2  

Penalty Kill 4 Players Defense
   Defense                  Defense                  Time % Phy DF OF 
 1 Erik Johnson             Tyson Barrie             55     1   2  2  
 2 Erik Gustafsson          David Savard             45     1   2  2  

Penalty Kill - 3 Players Forward 
   Forward                                           Time % Phy DF OF 
 1 Derek Stepan                                      55     1   2  2  
 2 Nikolaj Ehlers                                    45     1   2  2  

Penalty Kill - 3 Players Defense
   Defense                  Defense                  Time % Phy DF OF 
 1 Erik Johnson             Tyson Barrie             55     1   2  2  
 2 Erik Gustafsson          David Savard             45     1   2  2  

4 vs 4 Forward 
   Center                   Wing                     Time % Phy DF OF 
 1 Derek Stepan             Nikolaj Ehlers           55     1   2  2  
 2 Brock McGinn             Johan Larsson            45     1   2  2  

4 vs 4 Defense
   Defense                  Defense                  Time % Phy DF OF 
 1 Erik Johnson             Tyson Barrie             55     1   2  2  
 2 Erik Gustafsson          David Savard             45     1   2  2  

Last Minutes Offensive
   Center                   Left Wing                Right Wing               Defense                  Defense                  
   Derek Stepan             Nikolaj Ehlers           Brock McGinn             Erik Johnson             Tyson Barrie             

Last Minutes Defensive
   Center                   Left Wing                Right Wing               Defense                  Defense                  
   Derek Stepan             Nikolaj Ehlers           Brock McGinn             Erik Johnson             Tyson Barrie             

Goaltenders
Starting : Cory Schneider           
Backup : Anders Nilsson           

Extra Forwards
Normal : Sven Baertschi, Riley Nash, Jack Roslovic - PP : Sven Baertschi, Riley Nash - PK : Jack Roslovic
Extra Defensemen
Normal : Dmitry Kulikov, Madison Bowey, Erik Gustafsson - PP : Dmitry Kulikov - PK : Madison Bowey, Erik Gustafsson
Penalty Shots
Derek Stepan, Nikolaj Ehlers, Brock McGinn, Johan Larsson, Jake Virtanen
Custom OT Lines Forwards
Derek Stepan, Nikolaj Ehlers, Brock McGinn, Johan Larsson, Jake Virtanen, Nick Cousins, Sven Baertschi, Riley Nash, Jack Roslovic, Taylor Raddysh
Custom OT Lines Defensemen
Erik Johnson, Tyson Barrie, Erik Gustafsson, David Savard, Dmitry Kulikov

Scratches
Alexander Wennberg (Fractured Right Foot Injury), Sergei Boikov (Healthy), Christoffer Ehn (Healthy), Justin Abdelkader (Exhaustion), Johnathan Kovacevic (Healthy)
Patrick Russell (Healthy), Ryan Sproul (Healthy), Nathan Walker (Healthy), Ryan Olsen (Healthy), Zac Lynch (Healthy)

SPOKANE KNIGHTS

5 vs 5 Forward 
   Center                   Left Wing                Right Wing               Time % Phy DF OF 
 1 Sebastian Aho            Tomas Hertl              Patrick Kane             32     1   2  2  
 2 Mikael Backlund          Matthew Tkachuk          Blake Wheeler            32     1   2  2  
 3 Phillip Danault          Vincent Trocheck         Alex Tuch                29     1   2  2  
 4 Marcus Kruger            Valentin Zykov           Alex Tuch                7      1   2  2  

5 vs 5 Defense 
   Defense                  Defense                                           Time % Phy DF OF 
 1 Victor Hedman            Kristopher Letang                                 35     1   2  2  
 2 Zdeno Chara              Anton Stralman                                    35     1   2  2  
 3 Cale Makar               Brooks Orpik                                      15     1   2  2  
 4 Cale Makar               Brooks Orpik                                      15     1   2  2  

PowerPlay Forward 
   Center                   Left Wing                Right Wing               Time % Phy DF OF 
 1 Sebastian Aho            Matthew Tkachuk          Blake Wheeler            60     1   1  3  
 2 Mikael Backlund          Tomas Hertl              Patrick Kane             40     1   1  3  

PowerPlay Defense
   Defense                  Defense                                           Time % Phy DF OF 
 1 Cale Makar               Kristopher Letang                                 60     1   1  3  
 2 Victor Hedman            Anton Stralman                                    40     1   1  3  

Penalty Kill 4 Players Forward 
   Center                   Wing                     Time % Phy DF OF 
 1 Phillip Danault          Vincent Trocheck         55     1   3  1  
 2 Mikael Backlund          Alex Tuch                45     1   3  1  

Penalty Kill 4 Players Defense
   Defense                  Defense                  Time % Phy DF OF 
 1 Zdeno Chara              Anton Stralman           60     1   3  1  
 2 Kristopher Letang        Victor Hedman            40     1   3  1  

Penalty Kill - 3 Players Forward 
   Forward                                           Time % Phy DF OF 
 1 Phillip Danault                                   60     0   5  0  
 2 Sebastian Aho                                     40     0   5  0  

Penalty Kill - 3 Players Defense
   Defense                  Defense                  Time % Phy DF OF 
 1 Kristopher Letang        Victor Hedman            60     0   5  0  
 2 Anton Stralman           Zdeno Chara              40     0   5  0  

4 vs 4 Forward 
   Center                   Wing                     Time % Phy DF OF 
 1 Sebastian Aho            Tomas Hertl              50     1   2  2  
 2 Phillip Danault          Blake Wheeler            50     1   2  2  

4 vs 4 Defense
   Defense                  Defense                  Time % Phy DF OF 
 1 Kristopher Letang        Victor Hedman            60     1   2  2  
 2 Anton Stralman           Zdeno Chara              40     1   2  2  

Last Minutes Offensive
   Center                   Left Wing                Right Wing               Defense                  Defense                  
   Sebastian Aho            Tomas Hertl              Blake Wheeler            Kristopher Letang        Victor Hedman            

Last Minutes Defensive
   Center                   Left Wing                Right Wing               Defense                  Defense                  
   Phillip Danault          Tomas Hertl              Blake Wheeler            Kristopher Letang        Victor Hedman            

Goaltenders
Starting : Craig Anderson           
Backup : Braden Holtby            

Extra Forwards
Normal : Vincent Trocheck, Blake Wheeler, Matthew Tkachuk - PP : Vincent Trocheck, Phillip Danault - PK : Tyler Pitlick
Extra Defensemen
Normal : Cale Makar, Brooks Orpik, Zdeno Chara - PP : Zdeno Chara - PK : Brooks Orpik, Cale Makar
Penalty Shots
Matthew Tkachuk, Patrick Kane, Tomas Hertl, Sebastian Aho, Blake Wheeler
Custom OT Lines Forwards
Sebastian Aho, Tomas Hertl, Phillip Danault, Blake Wheeler, Patrick Kane, Matthew Tkachuk, Mikael Backlund, Vincent Trocheck, Alex Tuch, Tyler Pitlick
Custom OT Lines Defensemen
Kristopher Letang, Victor Hedman, Anton Stralman, Cale Makar, Zdeno Chara

Scratches
Jamie Oleksiak (Healthy)

% Time on Ice - TEXAS TOROS

Lines # - Real PCT - Wanted PCT - Time Play
Normal Forward
1 - 24% - 36% - 10:26
2 - 30% - 31% - 13:05
3 - 32% - 23% - 14:04
4 - 14% - 10% - 6:07
Normal Defense
1 - 35% - 36% - 15:07
2 - 29% - 31% - 12:33
3 - 35% - 23% - 15:08
4 - 2% - 10% - 0:54
PP Forward
1 - 64% - 55% - 5:07
2 - 36% - 45% - 2:53
PP Defense
1 - 58% - 55% - 4:37
2 - 42% - 45% - 3:23
PK Forward
1 - 55% - 55% - 3:04
2 - 45% - 45% - 2:29
PK Defense
1 - 48% - 55% - 2:40
2 - 52% - 45% - 2:53
PK3 Forward
1 - 0% - 55%
2 - 0% - 45%
PK3 Defense
1 - 0% - 55%
2 - 0% - 45%
44 Forward
1 - 78% - 55% - 2:09
2 - 22% - 45% - 0:36
44 Defense
1 - 62% - 55% - 1:42
2 - 38% - 45% - 1:03
Last Minute Offensive  - 0:00
Last Minute Defensive  - 0:00
Total
Forward - 60:00
Defense - 60:00

% Time on Ice - SPOKANE KNIGHTS

Lines # - Real PCT - Wanted PCT - Time Play
Normal Forward
1 - 37% - 32% - 16:06
2 - 31% - 32% - 13:42
3 - 29% - 29% - 12:40
4 - 3% - 7% - 1:14
Normal Defense
1 - 34% - 35% - 14:48
2 - 35% - 35% - 15:15
3 - 16% - 15% - 6:53
4 - 15% - 15% - 6:46
PP Forward
1 - 60% - 60% - 3:20
2 - 40% - 40% - 2:13
PP Defense
1 - 56% - 60% - 3:08
2 - 44% - 40% - 2:25
PK Forward
1 - 67% - 55% - 5:20
2 - 33% - 45% - 2:40
PK Defense
1 - 63% - 60% - 5:01
2 - 37% - 40% - 2:59
PK3 Forward
1 - 0% - 60%
2 - 0% - 40%
PK3 Defense
1 - 0% - 60%
2 - 0% - 40%
44 Forward
1 - 54% - 50% - 1:29
2 - 46% - 50% - 1:16
44 Defense
1 - 74% - 60% - 2:02
2 - 26% - 40% - 0:43
Last Minute Offensive  - 0:00
Last Minute Defensive  - 0:00
Total
Forward - 60:00
Defense - 60:00

Play-by-Play

1st period


0:01 of 1st period - Derek Stepan wins face-off versus Sebastian Aho in neutral zone.
0:01 of 1st period - Tyson Barrie is hit by Patrick Kane and loses puck.
0:02 of 1st period - Minor Penalty to Sebastian Aho for Roughing.
0:03 of 1st period - Phillip Danault wins face-off versus Derek Stepan in SPOKANE KNIGHTS zone.
0:09 of 1st period - Icing by Derek Stepan.
0:10 of 1st period - Derek Stepan wins face-off versus Phillip Danault in TEXAS TOROS zone.
1:57 of 1st period - Shot by Vincent Trocheck.
1:57 of 1st period - Goal by Vincent Trocheck - TEXAS TOROS : 0 - SPOKANE KNIGHTS : 1.
1:58 of 1st period - Derek Stepan wins face-off versus Mikael Backlund in neutral zone.
2:21 of 1st period - Shot by Sven Baertschi.
2:21 of 1st period - Stopped by Craig Anderson without a rebound.
2:22 of 1st period - Derek Stepan wins face-off versus Matthew Tkachuk in SPOKANE KNIGHTS zone.
2:25 of 1st period - Shot by Nikolaj Ehlers.
2:25 of 1st period - Shot Misses the Net.
2:46 of 1st period - Derek Stepan is hit by Kristopher Letang and loses puck.
2:55 of 1st period - Shot by Derek Stepan.
2:55 of 1st period - Stopped by Craig Anderson without a rebound.
2:56 of 1st period - Nick Cousins wins face-off versus Phillip Danault in SPOKANE KNIGHTS zone.
4:11 of 1st period - Off-side.
4:12 of 1st period - Derek Stepan wins face-off versus Mikael Backlund in neutral zone.
4:41 of 1st period - Nikolaj Ehlers is hit by Brooks Orpik and loses puck.
5:14 of 1st period - Icing by Victor Hedman.
5:15 of 1st period - Sebastian Aho wins face-off versus Johan Larsson in SPOKANE KNIGHTS zone.
5:20 of 1st period - Shot by Erik Gustafsson.
5:20 of 1st period - Stopped by Craig Anderson without a rebound.
5:21 of 1st period - Johan Larsson wins face-off versus Patrick Kane in SPOKANE KNIGHTS zone.
5:46 of 1st period - Shot by Nick Cousins.
5:46 of 1st period - Shot Misses the Net.
5:48 of 1st period - Shot by Erik Gustafsson.
5:48 of 1st period - Stopped by Craig Anderson with a rebound.
5:50 of 1st period - Shot by Jake Virtanen.
5:50 of 1st period - Stopped by Craig Anderson with a rebound.
5:52 of 1st period - Shot by Jake Virtanen.
5:52 of 1st period - Shot Misses the Net.
5:54 of 1st period - Shot by David Savard.
5:54 of 1st period - Shot Misses the Net.
5:56 of 1st period - Shot by Jake Virtanen.
5:56 of 1st period - Shot Blocked by Anton Stralman.
5:58 of 1st period - Shot by Jake Virtanen.
5:58 of 1st period - Shot Misses the Net.
6:00 of 1st period - Shot by Erik Gustafsson.
6:00 of 1st period - Shot Blocked by Anton Stralman.
6:02 of 1st period - Shot by David Savard.
6:02 of 1st period - Shot Blocked by Anton Stralman.
7:05 of 1st period - Shot by Nikolaj Ehlers.
7:05 of 1st period - Stopped by Craig Anderson without a rebound.
7:06 of 1st period - Phillip Danault wins face-off versus Derek Stepan in SPOKANE KNIGHTS zone.
7:10 of 1st period - Icing by Kristopher Letang.
7:11 of 1st period - Phillip Danault wins face-off versus Derek Stepan in SPOKANE KNIGHTS zone.
8:20 of 1st period - Erik Johnson is hit by Blake Wheeler and loses puck.
8:47 of 1st period - Shot by Mikael Backlund.
8:47 of 1st period - Shot Misses the Net.
8:49 of 1st period - Shot by Mikael Backlund.
8:49 of 1st period - Goal by Mikael Backlund - TEXAS TOROS : 0 - SPOKANE KNIGHTS : 2.
8:50 of 1st period - Riley Nash wins face-off versus Patrick Kane in neutral zone.
9:58 of 1st period - Minor Penalty to Vincent Trocheck for Tripping.
9:58 of 1st period - Minor Penalty to Riley Nash for Slashing.
9:59 of 1st period - Phillip Danault wins face-off versus Derek Stepan in neutral zone.
10:04 of 1st period - Shot by Blake Wheeler.
10:04 of 1st period - Stopped by Cory Schneider without a rebound.
10:05 of 1st period - Derek Stepan wins face-off versus Phillip Danault in TEXAS TOROS zone.
11:27 of 1st period - Shot by Tomas Hertl.
11:27 of 1st period - Deflect By Sebastian Aho.
11:27 of 1st period - Shot Misses the Net.
11:33 of 1st period - Shot by David Savard.
11:33 of 1st period - Stopped by Craig Anderson with a rebound.
11:35 of 1st period - Shot by Johan Larsson.
11:35 of 1st period - Stopped by Craig Anderson without a rebound.
11:36 of 1st period - Brock McGinn wins face-off versus Phillip Danault in SPOKANE KNIGHTS zone.
11:45 of 1st period - Shot by Johan Larsson.
11:45 of 1st period - Deflect By Brock McGinn.
11:45 of 1st period - Shot Misses the Net.
12:27 of 1st period - Shot by Alex Tuch.
12:27 of 1st period - Stopped by Cory Schneider with a rebound.
12:51 of 1st period - Shot by Sebastian Aho.
12:51 of 1st period - Stopped by Cory Schneider without a rebound.
12:52 of 1st period - Mikael Backlund wins face-off versus Derek Stepan in TEXAS TOROS zone.
12:52 of 1st period - Minor Penalty to Erik Johnson for Holding.
12:53 of 1st period - Derek Stepan wins face-off versus Sebastian Aho in TEXAS TOROS zone.
13:14 of 1st period - Shot by Blake Wheeler.
13:14 of 1st period - Goal by Blake Wheeler - TEXAS TOROS : 0 - SPOKANE KNIGHTS : 3.
13:15 of 1st period - Johan Larsson wins face-off versus Phillip Danault in neutral zone.
13:24 of 1st period - Shot by Nick Cousins.
13:24 of 1st period - Shot Misses the Net.
13:34 of 1st period - Shot by Jake Virtanen.
13:34 of 1st period - Shot Misses the Net.
13:48 of 1st period - Minor Penalty to Kristopher Letang for Tripping.
13:49 of 1st period - Phillip Danault wins face-off versus Derek Stepan in SPOKANE KNIGHTS zone.
14:10 of 1st period - Shot by Erik Gustafsson.
14:10 of 1st period - Stopped by Craig Anderson with a rebound.
14:26 of 1st period - Shot by Brock McGinn.
14:26 of 1st period - Stopped by Craig Anderson without a rebound.
14:27 of 1st period - Johan Larsson wins face-off versus Mikael Backlund in SPOKANE KNIGHTS zone.
14:36 of 1st period - Shot by Tyson Barrie.
14:36 of 1st period - Shot Misses the Net.
14:38 of 1st period - Shot by Erik Johnson.
14:38 of 1st period - Goal by Erik Johnson - TEXAS TOROS : 1 - SPOKANE KNIGHTS : 3.
14:39 of 1st period - Mikael Backlund wins face-off versus Riley Nash in neutral zone.
14:51 of 1st period - Shot by Kristopher Letang.
14:51 of 1st period - Shot Hit the Post.
14:57 of 1st period - Shot by Matthew Tkachuk.
14:57 of 1st period - Deflect By Blake Wheeler.
14:57 of 1st period - Stopped by Cory Schneider without a rebound.
14:58 of 1st period - Sebastian Aho wins face-off versus Nikolaj Ehlers in TEXAS TOROS zone.
15:23 of 1st period - Shot by Sebastian Aho.
15:23 of 1st period - Stopped by Cory Schneider without a rebound.
15:24 of 1st period - Nick Cousins wins face-off versus Mikael Backlund in TEXAS TOROS zone.
15:39 of 1st period - Shot by Nick Cousins.
15:39 of 1st period - Shot Misses the Net.
16:29 of 1st period - Shot by Vincent Trocheck.
16:29 of 1st period - Stopped by Cory Schneider without a rebound.
16:30 of 1st period - Vincent Trocheck wins face-off versus Riley Nash in TEXAS TOROS zone.
17:44 of 1st period - Icing by Dmitry Kulikov.
17:45 of 1st period - Mikael Backlund wins face-off versus Riley Nash in TEXAS TOROS zone.
17:52 of 1st period - Shot by Matthew Tkachuk.
17:52 of 1st period - Shot Misses the Net.
18:15 of 1st period - Shot by Blake Wheeler.
18:15 of 1st period - Stopped by Cory Schneider without a rebound.
18:16 of 1st period - Derek Stepan wins face-off versus Sebastian Aho in TEXAS TOROS zone.
18:16 of 1st period - Derek Stepan is hit by Tomas Hertl.
18:19 of 1st period - Minor Penalty to Sebastian Aho for Slashing.
18:20 of 1st period - Phillip Danault wins face-off versus Derek Stepan in SPOKANE KNIGHTS zone.
19:32 of 1st period - Minor Penalty to Johan Larsson for Holding.
19:33 of 1st period - Derek Stepan wins face-off versus Blake Wheeler in TEXAS TOROS zone.
Goals for this period are 1 for TEXAS TOROS vs 3 for SPOKANE KNIGHTS.
Shots for this period are 11 for TEXAS TOROS vs 10 for SPOKANE KNIGHTS.

2nd period


0:01 of 2nd period - Vincent Trocheck wins face-off versus Derek Stepan in neutral zone.
0:40 of 2nd period - Shot by Kristopher Letang.
0:40 of 2nd period - Shot Misses the Net.
0:42 of 2nd period - Shot by Matthew Tkachuk.
0:42 of 2nd period - Shot Misses the Net.
0:48 of 2nd period - Shot by Kristopher Letang.
0:48 of 2nd period - Shot Misses the Net.
0:50 of 2nd period - Shot by Sebastian Aho.
0:50 of 2nd period - Shot Blocked by Nikolaj Ehlers.
0:52 of 2nd period - Shot by Blake Wheeler.
0:52 of 2nd period - Shot Misses the Net.
1:18 of 2nd period - Shot by Victor Hedman.
1:18 of 2nd period - Stopped by Cory Schneider without a rebound.
1:19 of 2nd period - Mikael Backlund wins face-off versus Brock McGinn in TEXAS TOROS zone.
1:21 of 2nd period - Patrick Kane is hit by Erik Gustafsson and loses puck.
1:58 of 2nd period - Icing by Zdeno Chara.
1:59 of 2nd period - Phillip Danault wins face-off versus Riley Nash in SPOKANE KNIGHTS zone.
2:08 of 2nd period - Shot by Alex Tuch.
2:08 of 2nd period - Stopped by Cory Schneider without a rebound.
2:09 of 2nd period - Mikael Backlund wins face-off versus Derek Stepan in TEXAS TOROS zone.
2:09 of 2nd period - Mikael Backlund is hit by Erik Johnson.
3:31 of 2nd period - Shot by Jake Virtanen.
3:31 of 2nd period - Stopped by Craig Anderson without a rebound.
3:32 of 2nd period - Phillip Danault wins face-off versus Riley Nash in SPOKANE KNIGHTS zone.
3:32 of 2nd period - Phillip Danault is hit by Jack Roslovic.
3:38 of 2nd period - Madison Bowey is hit by Vincent Trocheck and loses puck.
3:51 of 2nd period - Shot by Phillip Danault.
3:51 of 2nd period - Stopped by Cory Schneider without a rebound.
3:52 of 2nd period - Derek Stepan wins face-off versus Sebastian Aho in TEXAS TOROS zone.
5:04 of 2nd period - Erik Gustafsson is hit by Kristopher Letang and loses puck.
6:40 of 2nd period - Shot by Cale Makar.
6:40 of 2nd period - Shot Misses the Net.
6:51 of 2nd period - Icing by Phillip Danault.
6:52 of 2nd period - Derek Stepan wins face-off versus Phillip Danault in SPOKANE KNIGHTS zone.
7:00 of 2nd period - Minor Penalty to Brooks Orpik for Hooking.
7:01 of 2nd period - Phillip Danault wins face-off versus Derek Stepan in SPOKANE KNIGHTS zone.
7:12 of 2nd period - Shot by Nikolaj Ehlers.
7:12 of 2nd period - Stopped by Craig Anderson with a rebound.
7:31 of 2nd period - Shot by Derek Stepan.
7:31 of 2nd period - Deflect By Nikolaj Ehlers.
7:31 of 2nd period - Stopped by Craig Anderson without a rebound.
7:32 of 2nd period - Johan Larsson wins face-off versus Mikael Backlund in SPOKANE KNIGHTS zone.
7:49 of 2nd period - Shot by Nick Cousins.
7:49 of 2nd period - Shot Misses the Net.
8:36 of 2nd period - Shot by Derek Stepan.
8:36 of 2nd period - Shot Blocked by Phillip Danault.
8:38 of 2nd period - Shot by Derek Stepan.
8:38 of 2nd period - Shot Misses the Net.
8:40 of 2nd period - Shot by Tyson Barrie.
8:40 of 2nd period - Shot Misses the Net.
9:53 of 2nd period - Icing by Riley Nash.
9:54 of 2nd period - Riley Nash wins face-off versus Mikael Backlund in TEXAS TOROS zone.
10:12 of 2nd period - Blake Wheeler is hit by Madison Bowey and loses puck.
10:39 of 2nd period - Shot by Blake Wheeler.
10:39 of 2nd period - Deflect By Matthew Tkachuk.
10:39 of 2nd period - Shot Blocked by Dmitry Kulikov.
10:41 of 2nd period - Shot by Mikael Backlund.
10:41 of 2nd period - Stopped by Cory Schneider without a rebound.
10:42 of 2nd period - Phillip Danault wins face-off versus Brock McGinn in TEXAS TOROS zone.
10:42 of 2nd period - Cale Makar is hit by Erik Johnson.
11:07 of 2nd period - Phillip Danault is hit by Tyson Barrie and loses puck.
11:53 of 2nd period - Shot by Sebastian Aho.
11:53 of 2nd period - Shot Blocked by Johan Larsson.
12:43 of 2nd period - Shot by Mikael Backlund.
12:43 of 2nd period - Shot Blocked by Erik Johnson.
12:45 of 2nd period - Shot by Matthew Tkachuk.
12:45 of 2nd period - Shot Misses the Net.
14:09 of 2nd period - Shot by Phillip Danault.
14:09 of 2nd period - Stopped by Cory Schneider without a rebound.
14:10 of 2nd period - Johan Larsson wins face-off versus Patrick Kane in TEXAS TOROS zone.
14:37 of 2nd period - Shot by Sebastian Aho.
14:37 of 2nd period - Stopped by Cory Schneider with a rebound.
14:39 of 2nd period - Shot by Zdeno Chara.
14:39 of 2nd period - Shot Blocked by Erik Gustafsson.
14:41 of 2nd period - Shot by Zdeno Chara.
14:41 of 2nd period - Shot Blocked by Erik Gustafsson.
14:43 of 2nd period - Shot by Tomas Hertl.
14:43 of 2nd period - Shot Misses the Net.
14:54 of 2nd period - Off-side.
14:55 of 2nd period - Riley Nash wins face-off versus Mikael Backlund in neutral zone.
15:39 of 2nd period - Shot by Blake Wheeler.
15:39 of 2nd period - Stopped by Cory Schneider without a rebound.
15:40 of 2nd period - Phillip Danault wins face-off versus Johan Larsson in TEXAS TOROS zone.
17:43 of 2nd period - Shot by Mikael Backlund.
17:43 of 2nd period - Shot Blocked by Derek Stepan.
17:45 of 2nd period - Shot by Matthew Tkachuk.
17:45 of 2nd period - Shot Misses the Net.
17:49 of 2nd period - Shot by Mikael Backlund.
17:49 of 2nd period - Shot Blocked by Madison Bowey.
17:57 of 2nd period - Shot by Mikael Backlund.
17:57 of 2nd period - Stopped by Cory Schneider with a rebound.
17:59 of 2nd period - Shot by Mikael Backlund.
17:59 of 2nd period - Shot Blocked by Dmitry Kulikov.
18:01 of 2nd period - Shot by Victor Hedman.
18:01 of 2nd period - Stopped by Cory Schneider without a rebound.
18:02 of 2nd period - Johan Larsson wins face-off versus Phillip Danault in TEXAS TOROS zone.
19:01 of 2nd period - Icing by Johan Larsson.
19:02 of 2nd period - Mikael Backlund wins face-off versus Johan Larsson in TEXAS TOROS zone.
19:19 of 2nd period - Shot by Blake Wheeler.
19:19 of 2nd period - Stopped by Cory Schneider without a rebound.
19:20 of 2nd period - Sebastian Aho wins face-off versus Riley Nash in TEXAS TOROS zone.
19:31 of 2nd period - Shot by Patrick Kane.
19:31 of 2nd period - Stopped by Cory Schneider without a rebound.
19:32 of 2nd period - Mikael Backlund wins face-off versus Riley Nash in TEXAS TOROS zone.
Goals for this period are 0 for TEXAS TOROS vs 0 for SPOKANE KNIGHTS.
Shots for this period are 3 for TEXAS TOROS vs 11 for SPOKANE KNIGHTS.

3rd period


0:01 of 3rd period - Alex Tuch wins face-off versus Derek Stepan in neutral zone.
0:32 of 3rd period - Shot by Phillip Danault.
0:32 of 3rd period - Shot Blocked by Erik Johnson.
1:20 of 3rd period - Off-side.
1:21 of 3rd period - Sebastian Aho wins face-off versus Riley Nash in neutral zone.
1:24 of 3rd period - Shot by Sebastian Aho.
1:24 of 3rd period - Stopped by Cory Schneider without a rebound.
1:25 of 3rd period - Sebastian Aho wins face-off versus Riley Nash in TEXAS TOROS zone.
2:26 of 3rd period - Shot by Blake Wheeler.
2:26 of 3rd period - Shot Misses the Net.
2:42 of 3rd period - Shot by Matthew Tkachuk.
2:42 of 3rd period - Stopped by Cory Schneider with a rebound.
3:07 of 3rd period - Icing by Zdeno Chara.
3:08 of 3rd period - Mikael Backlund wins face-off versus Johan Larsson in SPOKANE KNIGHTS zone.
3:08 of 3rd period - Mikael Backlund is hit by Jake Virtanen.
3:29 of 3rd period - Madison Bowey is hit by Alex Tuch and loses puck.
3:34 of 3rd period - Shot by Phillip Danault.
3:34 of 3rd period - Shot Hit the Post.
3:36 of 3rd period - Shot by Kristopher Letang.
3:36 of 3rd period - Shot Misses the Net.
3:53 of 3rd period - Off-side.
3:54 of 3rd period - Derek Stepan wins face-off versus Sebastian Aho in neutral zone.
4:09 of 3rd period - Shot by Derek Stepan.
4:09 of 3rd period - Shot Misses the Net.
4:34 of 3rd period - Shot by Nikolaj Ehlers.
4:34 of 3rd period - Shot Misses the Net.
4:36 of 3rd period - Shot by Derek Stepan.
4:36 of 3rd period - Shot Misses the Net.
5:26 of 3rd period - Dmitry Kulikov is hit by Sebastian Aho and loses puck.
5:35 of 3rd period - Shot by Jake Virtanen.
5:35 of 3rd period - Stopped by Craig Anderson with a rebound.
5:37 of 3rd period - Shot by Johan Larsson.
5:37 of 3rd period - Shot Misses the Net.
6:10 of 3rd period - Icing by Derek Stepan.
6:11 of 3rd period - Phillip Danault wins face-off versus Nikolaj Ehlers in TEXAS TOROS zone.
6:24 of 3rd period - Shot by Vincent Trocheck.
6:24 of 3rd period - Shot Misses the Net.
6:26 of 3rd period - Shot by Zdeno Chara.
6:26 of 3rd period - Stopped by Cory Schneider with a rebound.
6:33 of 3rd period - Vincent Trocheck is hit by Erik Johnson.
6:39 of 3rd period - Shot by Phillip Danault.
6:39 of 3rd period - Shot Misses the Net.
6:45 of 3rd period - Shot by Phillip Danault.
6:45 of 3rd period - Stopped by Cory Schneider without a rebound.
6:46 of 3rd period - Riley Nash wins face-off versus Mikael Backlund in TEXAS TOROS zone.
7:07 of 3rd period - Shot by Matthew Tkachuk.
7:07 of 3rd period - Stopped by Cory Schneider without a rebound.
7:08 of 3rd period - Marcus Kruger wins face-off versus Johan Larsson in TEXAS TOROS zone.
7:35 of 3rd period - Shot by Marcus Kruger.
7:35 of 3rd period - Stopped by Cory Schneider without a rebound.
7:36 of 3rd period - Mikael Backlund wins face-off versus Derek Stepan in TEXAS TOROS zone.
8:58 of 3rd period - Phillip Danault is hit by David Savard.
9:04 of 3rd period - Shot by Vincent Trocheck.
9:04 of 3rd period - Stopped by Cory Schneider without a rebound.
9:05 of 3rd period - Sebastian Aho wins face-off versus Riley Nash in TEXAS TOROS zone.
9:09 of 3rd period - Tomas Hertl is hit by Madison Bowey and loses puck.
9:23 of 3rd period - Shot by Tomas Hertl.
9:23 of 3rd period - Stopped by Cory Schneider with a rebound.
9:53 of 3rd period - Off-side.
9:54 of 3rd period - Johan Larsson wins face-off versus Phillip Danault in neutral zone.
9:56 of 3rd period - Minor Penalty to Vincent Trocheck for Slashing.
9:57 of 3rd period - Phillip Danault wins face-off versus Johan Larsson in SPOKANE KNIGHTS zone.
9:57 of 3rd period - Phillip Danault is hit by Nick Cousins.
10:14 of 3rd period - Shot by Erik Gustafsson.
10:14 of 3rd period - Shot Misses the Net.
10:16 of 3rd period - Shot by Johan Larsson.
10:16 of 3rd period - Stopped by Craig Anderson with a rebound.
10:18 of 3rd period - Shot by Erik Gustafsson.
10:18 of 3rd period - Stopped by Craig Anderson without a rebound.
10:19 of 3rd period - Phillip Danault wins face-off versus Derek Stepan in SPOKANE KNIGHTS zone.
10:36 of 3rd period - Shot by Nikolaj Ehlers.
10:36 of 3rd period - Deflect By Derek Stepan.
10:36 of 3rd period - Shot Blocked by Anton Stralman.
10:45 of 3rd period - Icing by Erik Johnson.
10:46 of 3rd period - Phillip Danault wins face-off versus Derek Stepan in TEXAS TOROS zone.
11:01 of 3rd period - Shot by Tomas Hertl.
11:01 of 3rd period - Deflect By Phillip Danault.
11:01 of 3rd period - Shot Misses the Net.
11:03 of 3rd period - Shot by Tomas Hertl.
11:03 of 3rd period - Shot Misses the Net.
11:21 of 3rd period - Shot by Tomas Hertl.
11:21 of 3rd period - Stopped by Cory Schneider without a rebound.
11:22 of 3rd period - Mikael Backlund wins face-off versus Johan Larsson in TEXAS TOROS zone.
11:25 of 3rd period - Shot by Alex Tuch.
11:25 of 3rd period - Stopped by Cory Schneider without a rebound.
11:26 of 3rd period - Mikael Backlund wins face-off versus Johan Larsson in TEXAS TOROS zone.
11:26 of 3rd period - Mikael Backlund is hit by David Savard.
11:28 of 3rd period - Shot by Alex Tuch.
11:28 of 3rd period - Shot Misses the Net.
11:30 of 3rd period - Shot by Mikael Backlund.
11:30 of 3rd period - Shot Misses the Net.
11:51 of 3rd period - Mikael Backlund is hit by David Savard and loses puck.
11:54 of 3rd period - Shot by Zdeno Chara.
11:54 of 3rd period - Shot Blocked by David Savard.
11:56 of 3rd period - Shot by Zdeno Chara.
11:56 of 3rd period - Shot Misses the Net.
12:08 of 3rd period - Shot by Riley Nash.
12:08 of 3rd period - Stopped by Craig Anderson without a rebound.
12:09 of 3rd period - Sebastian Aho wins face-off versus Nikolaj Ehlers in SPOKANE KNIGHTS zone.
12:22 of 3rd period - Shot by Patrick Kane.
12:22 of 3rd period - Shot Blocked by Tyson Barrie.
12:35 of 3rd period - Patrick Kane is hit by Erik Johnson and loses puck.
13:04 of 3rd period - David Savard is hit by Sebastian Aho and loses puck.
13:31 of 3rd period - Shot by Erik Gustafsson.
13:31 of 3rd period - Shot Blocked by Zdeno Chara.
13:36 of 3rd period - Mikael Backlund is hit by Jake Virtanen and loses puck.
13:42 of 3rd period - Anton Stralman is hit by Erik Gustafsson and loses puck.
13:53 of 3rd period - Shot by Mikael Backlund.
13:53 of 3rd period - Shot Misses the Net.
13:55 of 3rd period - Shot by Anton Stralman.
13:55 of 3rd period - Stopped by Cory Schneider without a rebound.
13:56 of 3rd period - Riley Nash wins face-off versus Phillip Danault in TEXAS TOROS zone.
14:06 of 3rd period - Minor Penalty to Sven Baertschi for Tripping.
14:07 of 3rd period - Derek Stepan wins face-off versus Mikael Backlund in TEXAS TOROS zone.
15:17 of 3rd period - Shot by Victor Hedman.
15:17 of 3rd period - Shot Blocked by David Savard.
15:19 of 3rd period - Shot by Sebastian Aho.
15:19 of 3rd period - Shot Misses the Net.
15:22 of 3rd period - Sebastian Aho is hit by David Savard and loses puck.
16:00 of 3rd period - Shot by Patrick Kane.
16:00 of 3rd period - Stopped by Cory Schneider without a rebound.
16:01 of 3rd period - Derek Stepan wins face-off versus Sebastian Aho in TEXAS TOROS zone.
16:58 of 3rd period - Off-side.
16:59 of 3rd period - Derek Stepan wins face-off versus Sebastian Aho in neutral zone.
17:06 of 3rd period - Shot by Erik Johnson.
17:06 of 3rd period - Shot Misses the Net.
17:20 of 3rd period - Shot by Nikolaj Ehlers.
17:20 of 3rd period - Shot Misses the Net.
17:23 of 3rd period - Minor Penalty to Taylor Raddysh for Tripping.
17:24 of 3rd period - Derek Stepan wins face-off versus Matthew Tkachuk in TEXAS TOROS zone.
17:35 of 3rd period - Shot by Sebastian Aho.
17:35 of 3rd period - Shot Blocked by Erik Johnson.
17:43 of 3rd period - Shot by Blake Wheeler.
17:43 of 3rd period - Stopped by Cory Schneider with a rebound.
17:45 of 3rd period - Shot by Blake Wheeler.
17:45 of 3rd period - Shot Misses the Net.
17:47 of 3rd period - Shot by Kristopher Letang.
17:47 of 3rd period - Shot Blocked by Erik Johnson.
17:58 of 3rd period - Shot by Sebastian Aho.
17:58 of 3rd period - Shot Blocked by Tyson Barrie.
18:00 of 3rd period - Shot by Sebastian Aho.
18:00 of 3rd period - Shot Misses the Net.
18:02 of 3rd period - Shot by Kristopher Letang.
18:02 of 3rd period - Stopped by Cory Schneider without a rebound.
18:03 of 3rd period - Brock McGinn wins face-off versus Mikael Backlund in TEXAS TOROS zone.
18:46 of 3rd period - Shot by Patrick Kane.
18:46 of 3rd period - Shot Hit the Post.
19:17 of 3rd period - Icing by Sebastian Aho.
19:18 of 3rd period - Sebastian Aho wins face-off versus Derek Stepan in SPOKANE KNIGHTS zone.
19:26 of 3rd period - Off-side.
19:27 of 3rd period - Riley Nash wins face-off versus Phillip Danault in neutral zone.
19:48 of 3rd period - Shot by Phillip Danault.
19:48 of 3rd period - Goal by Phillip Danault - TEXAS TOROS : 1 - SPOKANE KNIGHTS : 4.
19:49 of 3rd period - Derek Stepan wins face-off versus Mikael Backlund in neutral zone.
Goals for this period are 0 for TEXAS TOROS vs 1 for SPOKANE KNIGHTS.
Shots for this period are 4 for TEXAS TOROS vs 15 for SPOKANE KNIGHTS.


JOHNNY
GAUDREAU
MATTHEW
BOLDY
OWEN
TIPPETT

EAST COAST

HOCKEY LEAGUE

  • 29.PIT6MAN7
  • 30.ATL6NHW2
  • 31.WOR4PET3
  • 32.3RHI4
  • 33.CHIQUE
  • 34.LIMCHA
  • 35.LONTRV
  • 36.BALCHW